 Dungeon Crawl Stone Soup version 0.27-a0-931-g5a74e75d8f (webtiles) character file.

Game seed: 15912234331064484645

17 Alarkh the Insei (level 2, -2/23 HPs)
             Began as a Demonspawn Gladiator on Apr 10, 2021.
             Was a Follower of Yredelemnul.
             Slain by a kobold
             ... wielding a +0 dagger
              (4 damage)
             ... on level 2 of the Dungeon.
             The game lasted 00:00:48 (1180 turns).

Alarkh the Insei (Demonspawn Gladiator)             Turns: 1180, Time: 00:00:49

Health: -2/23      AC:  4    Str: 14    XL:     2   Next: 44%
Magic:  2/2        EV: 12    Int:  9    God:    Yredelemnul [*.....]
Gold:   12         SH:  0    Dex: 14    Spells: 1/1 levels left

rFire    . . .     SeeInvis .     - Unarmed
rCold    . . .     Faith    .   (no shield)
rNeg     . . .     Spirit   .   a - +0 leather armour
rPois    .         Reflect  .   b - +0 helmet
rElec    .         Harm     .   (no cloak)
rCorr    .         Rampage  .   (no gloves)
Will     .....                  (no boots)
Stlth    +.........             (no amulet)
HPRegen  0.07/turn              (no ring)
MPRegen  0.08/turn              (no ring)

@: no status effects
A: talons 1
a: Renounce Religion, Animate Remains


You were on level 2 of the Dungeon.
You worshipped Yredelemnul.
Yredelemnul was aware of your devotion.
You visited 1 branch of the dungeon, and saw 2 of its levels.

You collected 12 gold pieces.

Inventory:

Missiles
 c - 3 throwing nets (quivered)
Armour
 a - a +0 leather armour (worn)
 b - a +0 helmet (worn)
Scrolls
 f - a scroll of noise {unknown}
 g - a scroll of identify {unknown}
Potions
 d - a potion of curing {unknown}
 e - a potion of brilliance {unknown}


   Skills:
 + Level 2.3 Fighting
 - Level 1.7 Throwing
 - Level 2.6 Dodging
 * Level 3.3 Unarmed Combat


You had one spell level left.
You didn't know any spells.
Your spell library was empty.

Dungeon Overview and Level Annotations

Branches:
Dungeon (2/15)

Altars:
Yredelemnul


Innate Abilities, Weirdness & Mutations

You have sharp toenails.


Message History

The stone completely misses you.
The goblin shoots a stone.
The stone misses you.
You hit the kobold.
The kobold is moderately wounded.
The kobold hits you but does no damage.
You closely miss the kobold.
The kobold is moderately wounded.
The goblin shoots a stone.
The stone hits you. The kobold hits you with a +0 dagger.
You barely miss the kobold.
The kobold is moderately wounded.
The bat closely misses you. The bat misses you.
The goblin shoots a stone.
The stone closely misses you. The kobold hits you with a +0 dagger.
You are too injured to fight recklessly!
You are too injured to fight recklessly!
You are too injured to fight recklessly!
The bat misses you. The bat closely misses you.
The goblin shoots a stone.
The stone hits you.
* * * LOW HITPOINT WARNING * * *
The bat hits you but does no damage.
The goblin shoots a stone.
The stone hits you.
* * * LOW HITPOINT WARNING * * *
The kobold throws a stone.
The stone misses you.
You see here a hobgoblin corpse.
The bat closely misses you. The bat barely misses you. The bat hits you.
* * * LOW HITPOINT WARNING * * *
You hit the bat.
You kill the bat!
Yredelemnul accepts your kill.
You closely miss the kobold.
The kobold is moderately wounded.
The kobold hits you with a +0 dagger.
* * * LOW HITPOINT WARNING * * *
You hit the kobold but do no damage.
The kobold is moderately wounded.
The kobold hits you with a +0 dagger.
You die...
Your body rises from the dead as a mindless zombie.

....#..##### <.##
#..##.....## #..#
#.##..##.....###..#
.......<.........## #
...##.............# ≈#
..........)####$..#####≈####
.#####.............†.≈≈≈≈≈..
...........#####.....≈≈≈...
#.#####†.....@Kg†..........
..##.#######..#.####. ..##
... ##.# .. #.. #### #<..
... ... ..### ... .... #..
.. #.... ... . ####


You could see a goblin and a kobold.

Vanquished Creatures
  A dart slug (D:2)
  2 bats
  An endoplasm (D:2)
  A giant cockroach (D:2)
  A goblin (D:2)
  2 hobgoblins
  A kobold (D:1)
  A ball python (D:1)
  4 rats
14 creatures vanquished.

Notes
Turn   | Place    | Note
-------+----------+-------------------------------------------
     0 | D:1      | Alarkh the Demonspawn Gladiator began the quest for the
                  | Orb.
     0 | D:1      | Reached XP level 1. HP: 16/16 MP: 1/1
   246 | D:1      | Found a faded altar of an unknown god.
   278 | D:1      | Became a worshipper of Yredelemnul the Dark
   278 | D:1      | Reached * piety under Yredelemnul
   514 | D:1      | Reached skill level 3 in Unarmed Combat
  1128 | D:2      | Gained mutation: You have sharp toenails. [demonic
                  | ancestry]
  1128 | D:2      | Reached XP level 2. HP: 22/22 MP: 2/2
  1180 | D:2      | Slain by a kobold

Illustrated notes

Levels and vault maps discovered:
D:1:      giann_horns, layout_basic, hellmonk_ecumenical_altar_inner_sanctum
D:2:      layout_rooms, chequers_decorated_corner, lemuel_another_geyser

Skill      XL: |  1 |
---------------+----+-----
Unarmed Combat | 3 |  3.3
Fighting       | |  2.3
Throwing       | |  1.7
Dodging        | |  2.6

Action                   || total
-------------------------++-------
Melee: Unarmed           ||    62
       Kick              ||     6
 Stab: Sleeping          ||     1
Armor: Leather armour    ||    15
Dodge: Dodged            ||    36

Table legend: (Time is in decaauts)
 A = Elapsed time spent in this place.
 B = Non-inter-level travel time spent in this place.
 C = Inter-level travel time spent in this place.
 D = Time resting spent in this place.
 E = Time spent auto-exploring this place.
 F = Levels seen in this place.
 G = Mean time per level.
                   A        B        C        D        E       F      G
               +--------+--------+--------+--------+--------+-----+--------+
         Total |   1176 |   1110 |     66 |    112 |    896 |   2 |  588.0 |
       Dungeon |   1176 |   1110 |     66 |    112 |    896 |   2 |  588.0 |
               +--------+--------+--------+--------+--------+-----+--------+

Top non-repeatable levels by time:
     D:1: 1116 daAuts
     D:2: 59 daAuts
